SAAA
NAPERVILLE BATTLEKINGS @ PAWNEE PARKSNREC
07/17/2028
 
TOP OF THE 1ST
Naperville Battlekings batting - Pitching for Pawnee ParksNRec : RHP Albert Castillo
Pitching: RHP Albert Castillo
Batting: RHB Zeus Preckwinkle 0-0: Called Strike
0-1: Fly out, F2 (Popup, 3S)
Batting: RHB Sergio Pérez 0-0: Swinging Strike
0-1: Called Strike
0-2: TRIPLE (Flyball, 9LM)
Batting: LHB Arthur Ryan 0-0: Swinging Strike
0-1: Called Strike
0-2: Ball
1-2: Strikes out looking
Batting: LHB Joe Cashmore 0-0: Ball
1-0: Called Strike
1-1: Swinging Strike
1-2: Strikes out swinging, 2-3 out at first.
Top of the 1st over - 0 run(s), 1 hit(s), 0 error(s), 1 left on base; Naperville 0 - Pawnee 0
BOTTOM OF THE 1ST
Pawnee ParksNRec batting - Pitching for Naperville Battlekings : RHP Alberto Mendoza
Pitching: RHP Alberto Mendoza
Batting: RHB Iván Rodríguez 0-0: Foul Ball, location: 2F
0-1: Fly out, F4 (Popup, 34)
Batting: RHB Britt Lynch 0-0: Called Strike
0-1: Ball
1-1: Called Strike
1-2: Strikes out swinging
Batting: SHB Júlio Camacho 0-0: Ball
1-0: Ball
2-0: Called Strike
2-1: Foul Ball, location: 2F
2-2: SINGLE (Groundball, 3S) (infield hit)
Batting: RHB Dale Blair 0-0: Ball
Wild Pitch!
Júlio Camacho to second
1-0: Ground out 5-3 (Groundball, 56)
Bottom of the 1st over - 0 run(s), 1 hit(s), 0 error(s), 1 left on base; Naperville 0 - Pawnee 0
TOP OF THE 2ND
Naperville Battlekings batting - Pitching for Pawnee ParksNRec : RHP Albert Castillo
Batting: LHB Alexis Raimbault 0-0: Ball
1-0: SINGLE (Flyball, 8RS)
Batting: RHB António Guzmán 0-0: Foul Ball, location: 2F
0-1: Ball
1-1: Ball
2-1: Fly out, F4 (Popup, 34)
Batting: LHB Curtis Peters 0-0: 2-RUN HOME RUN (Flyball, 9D), Distance : 379 ft
Batting: RHB Theodore York 0-0: Swinging Strike
0-1: Called Strike
0-2: Ball
1-2: Ball
2-2: Foul Ball, location: 2F
2-2: Ground out 5-3 (Groundball, 2L)
Batting: RHB Pancho Núńez 0-0: Ball
1-0: Ball
2-0: Fly out, F4 (Popup, 4)
Top of the 2nd over - 2 run(s), 2 hit(s), 0 error(s), 0 left on base; Naperville 2 - Pawnee 0
BOTTOM OF THE 2ND
Pawnee ParksNRec batting - Pitching for Naperville Battlekings : RHP Alberto Mendoza
Batting: LHB Tom Benjamin 0-0: Foul Ball, location: 2F
0-1: Called Strike
0-2: Ball
1-2: Ball
2-2: Strikes out swinging
Batting: RHB Daryl Moran 0-0: Ball
1-0: Called Strike
1-1: SINGLE (Line Drive, 4D)
Batting: LHB Felipe Trujillo 0-0: Swinging Strike
0-1: Ground out 6-3 (Groundball, 6MD)
Daryl Moran to second
Batting: SHB Enrique Costello 0-0: Ball
1-0: Ball
2-0: Ball
3-0: Base on Balls
Batting: SHB Vicente Pueblo 0-0: Ball
1-0: Ball
2-0: Called Strike
2-1: Swinging Strike
2-2: Strikes out swinging
Bottom of the 2nd over - 0 run(s), 1 hit(s), 0 error(s), 2 left on base; Naperville 2 - Pawnee 0
TOP OF THE 3RD
Naperville Battlekings batting - Pitching for Pawnee ParksNRec : RHP Albert Castillo
Batting: RHB Zeus Preckwinkle 0-0: Ball
1-0: Called Strike
1-1: Ball
2-1: Ground out 5-3 (Groundball, 5S)
Batting: RHB Sergio Pérez 0-0: Ball
1-0: Ball
2-0: Ball
3-0: Base on Balls
Batting: LHB Arthur Ryan 0-0: Ball
Sergio Pérez is caught stealing 2nd base
1-0: Ball
2-0: Ball
3-0: Called Strike
3-1: Foul Ball, location: 2F
3-2: Fly out, F7 (Flyball, 7D)
Top of the 3rd over - 0 run(s), 0 hit(s), 0 error(s), 0 left on base; Naperville 2 - Pawnee 0
BOTTOM OF THE 3RD
Pawnee ParksNRec batting - Pitching for Naperville Battlekings : RHP Alberto Mendoza
Batting: RHB Iván Rodríguez 0-0: Foul Ball, location: 2F
0-1: Ball
1-1: Foul Ball, location: 2F
1-2: Ball
2-2: Fly out, F9 (Flyball, 9LS)
Batting: RHB Britt Lynch 0-0: Ball
1-0: Fly out, F5 (Popup, 5S)
Batting: SHB Júlio Camacho 0-0: Ball
1-0: Fly out, F9 (Line Drive, 9)
Bottom of the 3rd over - 0 run(s), 0 hit(s), 0 error(s), 0 left on base; Naperville 2 - Pawnee 0
TOP OF THE 4TH
Naperville Battlekings batting - Pitching for Pawnee ParksNRec : RHP Albert Castillo
Batting: LHB Joe Cashmore 0-0: Ball
1-0: Swinging Strike
1-1: Called Strike
1-2: Ball
2-2: Foul Ball, location: 2F
2-2: Foul Ball, location: 2F
2-2: Fly out, F6 (Popup, 6)
Batting: LHB Alexis Raimbault 0-0: Fly out, F2 (Popup, 5S)
Batting: RHB António Guzmán 0-0: Swinging Strike
0-1: SINGLE (Flyball, 9LS)
Batting: LHB Curtis Peters 0-0: Foul Ball, location: 2F
0-1: Called Strike
0-2: Fly out, F8 (Flyball, 78M)
Top of the 4th over - 0 run(s), 1 hit(s), 0 error(s), 1 left on base; Naperville 2 - Pawnee 0
BOTTOM OF THE 4TH
Pawnee ParksNRec batting - Pitching for Naperville Battlekings : RHP Alberto Mendoza
Batting: RHB Dale Blair 0-0: Swinging Strike
0-1: Foul Ball, location: 2F
0-2: Ball
1-2: Ball
2-2: SINGLE (Line Drive, 34)
Batting: LHB Tom Benjamin 0-0: Called Strike
0-1: Ball
1-1: Swinging Strike
1-2: Strikes out looking
Batting: RHB Daryl Moran 0-0: Ball
1-0: Ball
2-0: Swinging Strike
2-1: Ball
3-1: Base on Balls
Dale Blair to second
Batting: LHB Felipe Trujillo 0-0: Ball
1-0: Fielders Choice at 2nd, 1-6 (Groundball, P)
Dale Blair to third
Batting: SHB Enrique Costello 0-0: Ball
1-0: Called Strike
1-1: Fly out, F4 (Line Drive, 4)
Bottom of the 4th over - 0 run(s), 1 hit(s), 0 error(s), 2 left on base; Naperville 2 - Pawnee 0
TOP OF THE 5TH
Naperville Battlekings batting - Pitching for Pawnee ParksNRec : RHP Albert Castillo
Batting: RHB Theodore York 0-0: Called Strike
0-1: Ball
1-1: Ball
2-1: SINGLE (Line Drive, 4MD)
Batting: RHB Pancho Núńez 0-0: Ball
1-0: Ball
2-0: Bunted foul
2-1: Sac Bunt - play at second, runner OUT! 5-6
Batting: RHB Zeus Preckwinkle 0-0: Ball
1-0: Ball
2-0: Grounds into double play, 6-4-3 (Groundball, 6)
Top of the 5th over - 0 run(s), 1 hit(s), 0 error(s), 0 left on base; Naperville 2 - Pawnee 0
BOTTOM OF THE 5TH
Pawnee ParksNRec batting - Pitching for Naperville Battlekings : RHP Alberto Mendoza
Batting: SHB Vicente Pueblo 0-0: Foul Ball, location: 2F
0-1: Ball
1-1: Called Strike
1-2: Foul Ball, location: 2F
1-2: Strikes out swinging
Batting: RHB Iván Rodríguez 0-0: Called Strike
0-1: Fly out, F6 (Popup, 5D)
Batting: RHB Britt Lynch 0-0: Ball
1-0: Called Strike
1-1: Foul Ball, location: 2F
1-2: Ball
2-2: Fly out, F8 (Flyball, 8LXD)
Bottom of the 5th over - 0 run(s), 0 hit(s), 0 error(s), 0 left on base; Naperville 2 - Pawnee 0
TOP OF THE 6TH
Naperville Battlekings batting - Pitching for Pawnee ParksNRec : RHP Albert Castillo
Batting: RHB Sergio Pérez 0-0: Ground out 6-3 (Groundball, 6S)
Batting: LHB Arthur Ryan 0-0: Ball
1-0: Ball
2-0: Ball
3-0: Called Strike
3-1: Base on Balls
Batting: LHB Joe Cashmore 0-0: Ball
1-0: Ball
Arthur Ryan steals 2nd base
2-0: Called Strike
2-1: Ground out 3-1 (Groundball, 34S)
Arthur Ryan to third
Batting: LHB Alexis Raimbault 0-0: Swinging Strike
0-1: Ball
1-1: Foul Ball, location: 2F
1-2: Strikes out swinging
Top of the 6th over - 0 run(s), 0 hit(s), 0 error(s), 1 left on base; Naperville 2 - Pawnee 0
BOTTOM OF THE 6TH
Pawnee ParksNRec batting - Pitching for Naperville Battlekings : RHP Alberto Mendoza
Batting: SHB Júlio Camacho 0-0: Ball
1-0: Called Strike
1-1: Swinging Strike
1-2: Strikes out swinging, 2-3 out at first.
Batting: RHB Dale Blair 0-0: Ball
1-0: DOUBLE (Line Drive, 9LS)
Batting: LHB Tom Benjamin 0-0: Foul Ball, location: 2F
0-1: Ball
1-1: Ball
2-1: Ball
3-1: Swinging Strike
3-2: Fly out, F8 (Flyball, 8LXD)
Runner from 2nd tags up, SAFE at 3rd, no throw
Batting: RHB Daryl Moran 0-0: SINGLE (Line Drive, 7S)
Dale Blair scores
Batting: LHB Felipe Trujillo 0-0: Ball
1-0: Ball
2-0: Swinging Strike
2-1: Fielders Choice at 2nd, 6-4 (Groundball, 6D)
Bottom of the 6th over - 1 run(s), 2 hit(s), 0 error(s), 0 left on base; Naperville 2 - Pawnee 1
TOP OF THE 7TH
Naperville Battlekings batting - Pitching for Pawnee ParksNRec : RHP Albert Castillo
Batting: RHB António Guzmán 0-0: Foul Ball, location: 2F
0-1: Swinging Strike
0-2: Foul Ball, location: 2F
0-2: Foul Ball, location: 2F
0-2: Fly out, F4 (Flyball, 34D)
Batting: LHB Curtis Peters 0-0: Ball
1-0: Called Strike
1-1: Ball
2-1: Ball
3-1: Base on Balls
Batting: RHB Theodore York 0-0: Ball
1-0: Fly out, F8 (Flyball, 8LM)
Batting: RHB Pancho Núńez 0-0: Ball
1-0: Ball
2-0: Called Strike
2-1: SINGLE (Line Drive, 9LM)
Curtis Peters to second
Batting: RHB Zeus Preckwinkle 0-0: Called Strike
0-1: Ball
1-1: Fielders Choice at 2nd, 6-4 (Groundball, 6)
Top of the 7th over - 0 run(s), 1 hit(s), 0 error(s), 1 left on base; Naperville 2 - Pawnee 1
BOTTOM OF THE 7TH
Pawnee ParksNRec batting - Pitching for Naperville Battlekings : RHP Alberto Mendoza
Batting: SHB Enrique Costello 0-0: Ball
1-0: Fly out, F9 (Flyball, 9S)
Batting: SHB Vicente Pueblo 0-0: Ball
1-0: Foul Ball, location: 2F
1-1: Ball
2-1: Ball
3-1: Called Strike
3-2: Strikes out swinging
Batting: RHB Iván Rodríguez 0-0: Foul Ball, location: 2F
0-1: Swinging Strike
0-2: Ball
1-2: Ball
2-2: Foul Ball, location: 2F
2-2: Foul Ball, location: 2F
2-2: Ball
3-2: Ground out 4-3 (Groundball, 4)
Bottom of the 7th over - 0 run(s), 0 hit(s), 0 error(s), 0 left on base; Naperville 2 - Pawnee 1
TOP OF THE 8TH
Naperville Battlekings batting - Pitching for Pawnee ParksNRec : RHP Albert Castillo
Batting: RHB Sergio Pérez 0-0: Ball
1-0: SINGLE (Line Drive, 34)
Batting: LHB Arthur Ryan 0-0: Ball
Pickoff Throw to First - Error! E1
Sergio Pérez to second
1-0: Intentional Walk
Pitching: RHP Denver Milne
Batting: LHB Joe Cashmore 0-0: Ball
1-0: DOUBLE (Line Drive, 78D)
Sergio Pérez scores
Arthur Ryan to third
Runner from 3rd tries for Home, SAFE, no throw
Batting: LHB Alexis Raimbault 0-0: Ball
1-0: Foul Ball, location: 2F
1-1: Ball
2-1: Ground out U3 (Groundball, 34)
Joe Cashmore to third
Batting: RHB António Guzmán 0-0: Called Strike
0-1: Ball
1-1: Fly out, F9 (Line Drive, 9)
Batting: LHB Curtis Peters 0-0: Called Strike
0-1: Foul Ball, location: 2F
0-2: Foul Ball, location: 2F
0-2: Ball
1-2: Foul Ball, location: 2F
1-2: Strikes out swinging
Top of the 8th over - 2 run(s), 2 hit(s), 1 error(s), 1 left on base; Naperville 4 - Pawnee 1
BOTTOM OF THE 8TH
Pawnee ParksNRec batting - Pitching for Naperville Battlekings : RHP Alberto Mendoza
Batting: RHB Britt Lynch 0-0: Fly out, F8 (Flyball, 78D)
Batting: SHB Júlio Camacho 0-0: Called Strike
0-1: Ground out 3-1 (Groundball, 34)
Batting: RHB Dale Blair 0-0: Ball
1-0: Ball
2-0: Foul Ball, location: 2F
2-1: Called Strike
2-2: SINGLE (Groundball, 6MD)
Batting: LHB Tom Benjamin 0-0: Called Strike
0-1: Fly out, F3 (Line Drive, 34)
Bottom of the 8th over - 0 run(s), 1 hit(s), 0 error(s), 1 left on base; Naperville 4 - Pawnee 1
TOP OF THE 9TH
Naperville Battlekings batting - Pitching for Pawnee ParksNRec : RHP Denver Milne
Batting: RHB Theodore York 0-0: Ball
1-0: Foul Ball, location: 2F
1-1: Foul Ball, location: 2F
1-2: SINGLE (Line Drive, 9S)
Batting: RHB Pancho Núńez 0-0: Bunted foul
0-1: Sac Bunt - play at first, batter OUT! 1-4
Theodore York to second
Batting: RHB Zeus Preckwinkle 0-0: Called Strike
0-1: Called Strike
0-2: Ball
1-2: Ball
2-2: Strikes out swinging
Batting: RHB Sergio Pérez 0-0: Foul Ball, location: 2F
0-1: Ground out 5-3 (Groundball, 56S)
Top of the 9th over - 0 run(s), 1 hit(s), 0 error(s), 1 left on base; Naperville 4 - Pawnee 1
BOTTOM OF THE 9TH
Pawnee ParksNRec batting - Pitching for Naperville Battlekings : RHP Alberto Mendoza
Pitching: LHP Esteban Jiménez
Batting: RHB Daryl Moran 0-0: Ball
1-0: Called Strike
1-1: Ball
2-1: Ball
3-1: Ground out 5-3 (Groundball, 5S)
Batting: LHB Felipe Trujillo 0-0: Foul Ball, location: 2F
0-1: Foul Ball, location: 2F
0-2: Ball
1-2: Ball
2-2: Ball
3-2: Base on Balls
Batting: SHB Enrique Costello 0-0: Ball
1-0: Ball
2-0: DOUBLE (Line Drive, 9D)
Felipe Trujillo to third
Runner from 3rd tries for Home, SAFE, no throw
Pinch Hitting: RHB Rubén Alvarado 0-0: DOUBLE (Line Drive, 78D)
Enrique Costello scores
Batting: RHB Iván Rodríguez 0-0: Ball
1-0: Ball
2-0: Called Strike
2-1: Foul Ball, location: 2F
2-2: Ball
3-2: Ground out 1-3 (Groundball, P)
Rubén Alvarado to third
Batting: RHB Britt Lynch 0-0: Ball
1-0: Ball
2-0: Ball
3-0: Base on Balls
Batting: SHB Júlio Camacho 0-0: Called Strike
0-1: Foul Ball, location: 2F
0-2: Strikes out swinging
Bottom of the 9th over - 2 run(s), 2 hit(s), 0 error(s), 2 left on base; Naperville 4 - Pawnee 3
Wednesday, August 16th, 2017 - OOTP Baseball 17.12 Build 75